 Dungeon Crawl Stone Soup version 0.31-a0-836-g3ceb0a68c4 (webtiles) character file.

Game seed: 14501461831175433220

3 Kurtz the Shield-Bearer (level 1, -18/16 HPs)
             Began as an Octopode Fighter on Sept 27, 2023.
             Demolished by a gnoll
             ... wielding a +0 flail of distortion
              (19 damage)
             ... on level 1 of the Dungeon.
             The game lasted 00:00:06 (163 turns).

Kurtz the Shield-Bearer (Octopode Fighter)           Turns: 163, Time: 00:00:07

Health: -18/16     AC:  1    Str: 15    XL:     1   Next: 50%
Magic:  1/1        EV: 13    Int: 10    God:
Gold:   7          SH:  4    Dex: 11    Spells: 0/0 levels left

rFire   . . .        a - +0 war axe
rCold   . . .        b - +0 buckler
rNeg    . . .        (helmet restricted)
rPois   .            (no amulet)
rElec   .            (no ring)
rCorr   .            (no ring)
SInv    .            (no ring)
Will    .....        (no ring)
Stlth   ++           (no ring)
HPRegen 0.22/turn    (no ring)
MPRegen 0.07/turn    (no ring)
                     (no ring)

%: no passive effects
@: no status effects
A: almost no armour, amphibious, 8 rings, camouflage 1, gelatinous body 1,
(nimble swimmer 1), tentacles
a: no special abilities


You were on level 1 of the Dungeon.
You visited 1 branch of the dungeon, and saw 1 of its levels.

You collected 7 gold pieces.

Inventory:

Hand Weapons
 a - a +0 war axe (weapon)
Armour
 b - a +0 buckler (worn)
Potions
 c - a potion of might


   Skills:
 - Level 3.0 Fighting
 * Level 2.3 Axes
 - Level 3.0 Dodging
 - Level 3.0 Shields


You couldn't memorise any spells.
You didn't know any spells.
Your spell library contained the following spells:

 Spells                   Type           Power      Damage    Failure   Level
 Sandblast                Erth           0%         2d4       45%         1
 Passwall                 Tmut/Erth      0%         N/A       58%         2
 Stone Arrow              Conj/Erth      0%         3d7       83%         3
 Brom's Barrelling Bould  Conj/Erth      0%         2d3       99%         4


Dungeon Overview and Level Annotations

Branches:
Dungeon (1/15)

Altars:


Innate Abilities, Weirdness & Mutations

You cannot wear most types of armour.
You are amphibious.
You can wear up to eight rings at the same time.
Your skin changes colour to match your surroundings (Stealth+).
Your rubbery body absorbs attacks. (AC +1, EV +1)
((You are camouflaged when in or above water. (Stealth+)))
You have tentacles for arms and can constrict up to eight enemies at once.


Message History

The bat is severely wounded.
You constrict the bat.
You kill the bat!
You see here a bat corpse.
You pick up a book of Geomancy and begin reading...
You add the spells Sandblast, Passwall, Stone Arrow and Brom's Barrelling Boulder to your library.
No target in view!
You now have 7 gold pieces.
A gnoll comes into view.
It is wielding a +0 flail of distortion.
Found a chain mail.
A gnoll is nearby!
Unknown command.
A gnoll is nearby!
Unknown command.
A gnoll is nearby!
Unknown command.
A gnoll is nearby!
Unknown command.
The helpless gnoll fails to defend itself.
You hit the gnoll. Your grab misses the gnoll.
You squeeze the gnoll, but do no damage.
The gnoll is moderately wounded.
You slash the plant!
The plant begins to die.
You slash the plant!
The plant begins to die.
You slash the plant!
The plant begins to die.
The gnoll hits you with a +0 flail of distortion.
You blink.
The gnoll hits you with a +0 flail of distortion.
You slash the gnoll! Your grab misses the gnoll.
The gnoll is severely wounded.
You slash the plant!
The plant begins to die.
You slash the plant!
The plant begins to die.
You hit the plant.
The plant begins to die.
You slash the plant!
The plant begins to die.
You slash the plant!
The plant begins to die.
A nearby plant withers and dies. x3
The gnoll barely misses you.
The gnoll hits you with a +0 flail of distortion!
Ouch! That really hurt!
* * * LOW HITPOINT WARNING * * *
Space warps horribly around you!!
Ouch! That really hurt!
You die... #### #### ##... ... ##..#.#.# # ##.......#####.######### #....PP................. #.PPPPP@P.##..[........# #.P.PPPgP.#

.######.##.# #.P..P....#
#.##.# #.P.P.....# #.##.#
#.P.......# #.##.#
#....PPP..##.######.##.#
##....[...##..........#.
#####....#########)##ยงยง
###.............# >


You could see a gnoll.

Vanquished Creatures
  A giant cockroach (D:1)
  A kobold (D:1)
  A bat (D:1)
3 creatures vanquished.

Notes
Turn   | Place    | Note
-------+----------+-------------------------------------------
     0 | D:1      | Kurtz the Octopode Fighter began the quest for the Orb.
     0 | D:1      | Reached XP level 1. HP: 16/16 MP: 1/1
   163 | D:1      | Demolished by a gnoll

Illustrated notes

Levels and vault maps discovered:
D:1:      dpeg_arrival_brainrot, layout_loops_ring,
          ebering_ecumenical_altar_sacrificial, nicolae_grassy_gnolls

Action                     || total
---------------------------++-------
  Melee: War axe           ||     5
         Constrict         ||     1
         Tentacles         ||     1
   Stab: Sleeping          ||     2
 Armour: Skin              ||     3
  Dodge: Dodged            ||     1
  Block: Buckler           ||     1

Table legend: (Time is in decaauts)
 A = Elapsed time spent in this place.
 B = Non-inter-level travel time spent in this place.
 C = Inter-level travel time spent in this place.
 D = Time resting spent in this place.
 E = Time spent auto-exploring this place.
 F = Levels seen in this place.
 G = Mean time per level.
                   A        B        C        D        E       F      G
               +--------+--------+--------+--------+--------+-----+--------+
         Total |    164 |    164 |      0 |      0 |    136 |   1 |  164.0 |
       Dungeon |    164 |    164 |      0 |      0 |    136 |   1 |  164.0 |
               +--------+--------+--------+--------+--------+-----+--------+

Top non-repeatable levels by time:
     D:1: 164 daAuts
